Map: 망각행 고속열차

Players

펜타네스트

  • Race: Protoss Protoss
  • Spawn Location: 12:00

펜타네스트

  • Race: Terran Terran
  • Spawn Location: 0:00

VOD

Have the link to the VOD?

Description

Time

  • Played on: March 18, 2018, 4:47 p.m.
  • Length: 26:52
Show
View Real Time Build Order
Export as new Build Order

펜타네스트 Protoss 

Build Orders:  

Get SALT Encoding   

  24  0:02  Probe (Chrono Boost)  
  25  0:15  Dark Pylon  
  25  0:16  Probe (Chrono Boost)  
  26  0:29  Probe (Chrono Boost)  
  27  0:30  Assimilator  
  27  0:39  Assimilator  
  27  0:42  Probe (Chrono Boost)  
  28  0:55  Probe (Chrono Boost)  
  29  1:06  Gateway  
  8  1:10  Probe (Chrono Boost)  
  30  1:23  Probe (Chrono Boost)  
  31  1:34  Gateway  
  31  1:37  Probe (Chrono Boost)  
  32  2:02  Centurion  
  32  2:14  Cybernetics Core  
  35  2:52  Probe (Chrono Boost)  
  35  3:06  Warp Gate  
  35  3:08  Twilight Council  
  35  3:16  Forge  
  35  3:17  Gateway  
  35  3:36  Gateway  
  35  3:37  Probe (Chrono Boost)  
  36  3:43  Nexus  
  36  3:49  Assimilator  
  36  3:57  Assimilator  
  36  4:11  Dark Shrine  
  36  4:33  Dark Pylon  
  37  4:51  Probe (Chrono Boost)  
  37  5:01  Protoss Ground Weapons Level 1, Dark Templar x3  
  37  5:03  Dark Templar  
  37  5:08  Probe (Chrono Boost)  
  46  5:11  Shadow Fury  
  46  5:25  Probe (Chrono Boost)  
  47  5:50  Dark Templar  
  47  5:55  Dark Templar  
  51  6:14  Dark Templar x2  
  55  6:35  Dark Templar  
  57  6:54  Dark Templar  
  58  7:09  Dark Templar  
  60  7:10  Dark Templar  
  60  7:11  Dark Templar Blink  
  62  7:40  Dark Templar x2  
  62  7:42  Blink  
  62  7:43  Pylon  
  66  7:51  Pylon  
  66  7:52  Protoss Ground Weapons Level 2  
  66  8:03  Dark Templar x2  
  70  8:16  Photon Cannon x2  
  70  8:31  Photon Cannon  
  70  8:32  Dark Templar  
  73  8:50  Probe (Chrono Boost)  
  73  8:56  Dark Templar x2  
  77  9:07  Probe (Chrono Boost)  
  78  9:17  Photon Cannon  
  76  9:21  Dark Templar  
  76  9:24  Dark Templar  
  80  9:35  Photon Cannon  
  80  9:51  Dark Templar  
  80  9:59  Dark Templar  
  84  10:19  Phase Reactor  
  85  10:20  Probe (Chrono Boost)  
  85  10:21  Pylon, Dark Templar  
  85  10:26  Dark Templar  
  89  10:32  Protoss Ground Weapons Level 3  
  89  10:37  Probe (Chrono Boost)  
  90  10:50  Dark Templar x2  
  94  11:15  Forge  
  94  11:26  Dark Templar  
  94  11:28  Dark Templar  
  98  11:52  Photon Cannon  
  98  11:54  Photon Cannon  
  98  11:57  Dark Templar  
  100  12:06  Dark Templar  
  102  12:16  Dark Templar  
  104  12:33  Protoss Shields Level 1  
  104  12:43  Dark Templar x2  
  108  12:56  Gateway  
  108  12:58  Gateway  
  108  13:04  Dark Templar  
  110  13:26  Dark Templar  
  112  13:30  Dark Templar x2  
  116  13:56  Protoss Ground Armor Level 1  
  114  14:06  Dark Templar  
  116  14:18  Photon Cannon  
  116  14:20  Photon Cannon  
  116  14:21  Photon Cannon  
  116  14:23  Photon Cannon  
  116  14:25  Photon Cannon  
  116  14:50  Stalker x3  
  116  14:57  Stalker  
  124  15:08  Stalker  
  126  15:10  Stalker  
  128  15:34  Dark Templar x3  
  134  15:46  Dark Templar  
  124  16:02  Dark Templar x2  
  126  16:20  Protoss Ground Armor Level 2  
  126  16:21  Dark Templar  
  126  16:22  Dark Templar x2  
  124  16:42  Dark Templar  
  115  16:51  Stalker x2  
  114  17:15  Dark Templar  
  114  17:16  Dark Templar  
  118  17:36  Stalker x2  
  122  17:52  Dark Templar  
  122  17:53  Dark Templar  
  126  18:05  Stalker  
  128  18:10  Dark Archon  
  128  18:19  Stalker  
  134  18:49  Mind Control  
  132  18:58  Dark Templar x3  
  138  19:13  Stalker x2  
  142  19:27  Dark Templar  
  142  19:58  Protoss Ground Armor Level 3  
  140  20:14  Dark Templar  
  140  20:15  Dark Templar x5  
  153  20:32  Probe (Chrono Boost)  
  153  20:47  Protoss Shields Level 2  
  153  20:49  Probe (Chrono Boost)  
  154  21:06  Probe (Chrono Boost)  
  155  21:15  Dark Templar x3  
  162  21:23  Probe (Chrono Boost)  
  163  21:40  Probe (Chrono Boost)  
  163  21:44  Dark Templar x3  
  167  22:06  Dark Templar x3  
  159  22:32  Dark Templar x3  
  147  23:05  Dark Templar x3  
  153  23:19  Dark Templar x2  
  157  23:20  Dark Templar  
  159  23:52  Dark Templar x3  
  165  24:06  Stalker x2  
  165  24:07  Stalker  
  165  24:48  Dark Templar x2  
  165  24:49  Dark Templar x4  
  145  25:37  Dark Templar x6  
  139  26:26  Dark Templar x2  
  139  26:27  Dark Templar x4  
Show
View Real Time Build Order
Export as new Build Order

펜타네스트 Terran 

Build Orders:  

Get SALT Encoding   

Tags
 
Add a new tag
Caveats
  • Supply blocks, unpowered buildings, or Contaminate may cause inaccurate times.
  • Supply counts are checked every 10 seconds.